 Dungeon Crawl Stone Soup version 0.24.0-123-gd5b16e6ec5 (webtiles) character file.

Game seed: 8505742566934368916, levelgen mode: deterministic

105 AuftragZ the Chopper (level 4, -16/37 HPs)
             Began as a Draconian Skald on Jan 30, 2020.
             Demolished by Crazy Yiuf
             ... wielding a +2 quarterstaff of chaos
              (19 damage)
             ... on level 2 of the Dungeon.
             The game lasted 00:07:19 (2767 turns).

AuftragZ the Chopper (Draconian Skald)              Turns: 2767, Time: 00:07:21

Health: -16/37     AC:  6    Str: 15    XL:     4   Next: 53%
Magic:  4/7        EV: 12    Int: 13    God:
Gold:   132        SH:  0    Dex: 10    Spells: 4/7 levels left

rFire    . . .     SeeInvis .   j - +1 short sword (freeze)
rCold    . . .     Gourm    .   (no shield)
rNeg     . . .     Faith    .   (armour unavailable)
rPois    .         Spirit   .   (helmet restricted)
rElec    .         Reflect  .   e - +0 cloak
rCorr    .         Harm     .   (no gloves)
MR       .....                  (no boots)
Stlth    +.........             (no amulet)
HPRegen  0.12/turn              (no ring)
MPRegen  0.10/turn              (no ring)

@: infused
A: unfitting armour, cold-blooded, AC +5
a: no special abilities


You were on level 2 of the Dungeon.
You were not hungry.

You visited 1 branch of the dungeon, and saw 2 of its levels.

You collected 132 gold pieces.

Inventory:

Hand Weapons
 a - a +1 hand axe
 j - a +1 short sword of freezing (weapon)
Missiles
 g - 15 poisoned darts (quivered)
Armour
 e - a +0 cloak (worn)
Jewellery
 b - an uncursed amulet of guardian spirit
Potions
 d - a potion of haste
 f - a potion of lignification {unknown}
 h - a potion of degeneration {unknown}
Comestibles
 c - 4 rations


   Skills:
 + Level 2.8 Fighting
 + Level 3.3 Axes
 + Level 2.7 Dodging
 + Level 0.3 Stealth
 + Level 2.3 Spellcasting
 + Level 3.0 Charms


You had 4 spell levels left.
You knew the following spells:

 Your Spells              Type           Power        Failure   Level  Hunger
a - Infusion              Chrm           #...         7%          1    #......
b - Song of Slaying       Chrm           #.......     11%         2    ###....

Your spell library contained the following spells:

 Spells                   Type           Power        Failure   Level  Hunger
 Shroud of Golubria       Chrm/Tloc      #.....       21%         2    ###....
 Regeneration             Chrm/Necr      #.........   36%         3    ###....
 Spectral Weapon          Hex/Chrm       #.......     36%         3    ###....


Dungeon Overview and Level Annotations

Branches:
Dungeon (2/15)

Altars:
Nemelex Xobeh

Annotations:
D:2 Crazy Yiuf


Innate Abilities, Weirdness & Mutations

Your plain brown scales are hard. (AC +5)
You cannot fit into any form of body armour.
You are cold-blooded and may be slowed by cold attacks.


Message History

You are electrocuted!
You hit Crazy Yiuf. You freeze Crazy Yiuf.
Crazy Yiuf is heavily wounded.
Crazy Yiuf drinks a potion.
Crazy Yiuf is healed!
You hit Crazy Yiuf but do no damage.
Crazy Yiuf is lightly wounded.
Crazy Yiuf yells, "Gum alas song!"
Crazy Yiuf hits you with a +2 quarterstaff of chaos.
You closely miss Crazy Yiuf.
Crazy Yiuf is lightly wounded.
Crazy Yiuf hits you with a +2 quarterstaff of chaos!
* * * LOW HITPOINT WARNING * * *
Crazy Yiuf draws strength from your wounds!
You hit Crazy Yiuf. You freeze Crazy Yiuf.
Crazy Yiuf is heavily wounded.
Crazy Yiuf hits you with a +2 quarterstaff of chaos.
* * * LOW HITPOINT WARNING * * *
You are electrocuted!!
Ouch! That really hurt!
You die...

####...##.#
......###.######
#####.# #......# # #.#
######## # ##'##
##..<## ##.....##♣♣
**### ##.........♣♣
♣♣#.))#
#...........♣♣♣♣@g)..#
'..)........)♣..♣#...#
#......[...)♣)♣♣♣**###
.#......##♣♣♣♣♣
.##(....# .###...##
### ### ..###'## #.#
#.# ..# #.# #.# #.#
..# #.# #.##### #.#


You could see Crazy Yiuf.

Vanquished Creatures
  Robin (D:2)
  2 adders (D:2)
  2 worms (D:2)
  A leopard gecko (D:2)
  A giant cockroach (D:2)
  13 goblins
  12 hobgoblins
  12 jackals (D:1)
  A quokka (D:2)
  4 bats
  2 frilled lizards
  3 kobolds
  8 rats
62 creatures vanquished.

Notes
Turn   | Place    | Note
-------+----------+-------------------------------------------
     0 | D:1      | AuftragZ the Draconian Skald began the quest for the Orb.
     0 | D:1      | Reached XP level 1. HP: 17/17 MP: 3/3
   191 | D:1      | Reached XP level 2. HP: 10/24 MP: 0/5
   196 | D:1      | Learned a level 2 spell: Song of Slaying
   909 | D:1      | Reached XP level 3. HP: 27/30 MP: 6/6
  1454 | D:2      | Noticed Robin
  1478 | D:2      | Killed Robin
  1482 | D:2      | Reached XP level 4. HP: 27/37 MP: 0/7
  2585 | D:2      | Found a runed translucent door.
  2586 | D:2      | Noticed Crazy Yiuf
  2634 | D:2      | Found a sparkling altar of Nemelex Xobeh.
  2767 | D:2      | Demolished by Crazy Yiuf

Levels and vault maps discovered:
D:1:      dpeg_arrival_arbitrary_a, layout_loops_ring
D:2:      layout_loops_corners, minmay_misc_feat_encased,
          nemelex_lonely_heart_becter, uniq_crazy_yiuf_cottage, uniq_robin

Skill      XL: |  1  2  3  4 |
---------------+-------------+-----
Charms         | 3 |  3.0
Axes           | 3 |  3.3
Fighting       | |  2.8
Dodging        | |  2.7
Stealth        | |  0.3
Spellcasting   | |  2.3

Action                   |  1- 3 |  4- 6 || total
-------------------------+-------+-------++-------
Melee: Hand axe          |   126 |    61 ||   187
       Tailslap          |    11 |     1 ||    12
       Short sword       |       |    11 ||    11
 Cast: Infusion          |     2 |     2 ||     4
       Song of Slaying   |     2 |       ||     2
  Use: Scroll            |     4 |     3 ||     7
       Potion            |     2 |       ||     2
 Stab: Sleeping          |     1 |     1 ||     2
  Eat: Chunk             |     2 |     4 ||     6
Armor: Skin              |    39 |    19 ||    58
Dodge: Dodged            |    88 |    56 ||   144
